 Dungeon Crawl Stone Soup version 0.28-a0-199-g298df9dbad (webtiles) character file.

Game seed: 17174375613292230185

3182 bande the Chopper (level 9, -13/55 HPs)
             Began as a Gargoyle Fighter on Aug 20, 2021.
             Was a Priest of Okawaru.
             Killed from afar by an ogre mage (35 damage)
             ... with a bolt of magma
             ... while paralysed by an ogre mage
             ... on level 8 of the Dungeon.
             The game lasted 00:17:35 (8688 turns).

bande the Chopper (Gargoyle Fighter)                Turns: 8688, Time: 00:17:35

Health: -13/55     AC: 22    Str: 22    XL:     9   Next: 95%
Magic:  13/13      EV:  2    Int:  9    God:    Okawaru [***...]
Gold:   1433       SH:  0    Dex: 10    Spells: 8/8 levels left

rFire   . . .      SeeInvis .   a - +1 war axe (venom)
rCold   + . .      Faith    .   c - +1 kite shield
rNeg    + . .      Spirit   .   e - +0 plate armour
rPois   ∞          Reflect  .   (no helmet)
rElec   +          Harm     .   (no cloak)
rCorr   .          Rampage  .   j - +0 pair of gloves
Will    .....                   v - +0 pair of boots
Stlth   ..........              (no amulet)
HPRegen 0.18/turn               q - ring of protection from cold
MPRegen 0.13/turn               (no ring)

@: paralysed
A: sickness immunity, AC +6, negative energy resistance 1, electricity
resistance, torment resistance 1, petrification resistance
a: Renounce Religion, Heroism


You were on level 8 of the Dungeon.
You worshipped Okawaru.
Okawaru was most pleased with you.
You visited 2 branches of the dungeon, and saw 9 of its levels.

You collected 1433 gold pieces.

Inventory:

Hand Weapons
 a - a +1 war axe of venom (weapon)
 l - a +0 flail
 y - a +0 war axe
Missiles
 f - a throwing net (quivered)
Armour
 c - a +1 kite shield (worn)
 e - a +0 plate armour (worn)
 j - a +0 pair of gloves (worn)
 m - a scarf of shadows
 v - a +0 pair of boots (worn)
Jewellery
 q - a ring of protection from cold (left hand)
Wands
 w - a wand of polymorph (7)
 x - a wand of flame (11)
Scrolls
 b - 2 scrolls of blinking
 g - 2 scrolls of identify
 k - 2 scrolls of teleportation
 o - a scroll of enchant weapon
 p - a scroll of enchant armour
 r - a scroll of fog
 s - a scroll of holy word
 u - 2 scrolls of fear
Potions
 d - 3 potions of might
 h - a potion of flight
 n - 3 potions of brilliance
 t - a potion of berserk rage


   Skills:
 + Level 5.6 Fighting
 + Level 7.9 Axes
 + Level 6.8 Armour
 + Level 1.3 Dodging
 + Level 7.2 Shields
 * Level 5.5 Invocations


You had 8 spell levels left.
You didn't know any spells.
Your spell library contained the following spells:

 Spells                   Type           Power      Damage    Failure   Level
 Sandblast                Erth           0%         2d4       100%        1
 Passwall                 Tmut/Erth      0%         N/A       100%        2
 Dazzling Flash           Conj/Hex       0%         N/A       100%        3
 Iskenderun's Mystic Bla  Conj/Tloc      0%         2d3       100%        4
 Lee's Rapid Deconstruct  Erth           0%         3d5*      100%        5
 Starburst                Conj/Fire      0%         6d3       100%        6


Dungeon Overview and Level Annotations

Branches:
Dungeon (8/15)             Temple (1/1) D:4
   Lair: D:8-11

Altars:
Dithmenos
Gozag
Okawaru
Uskayaw
Xom
The Shining One


Innate Abilities, Weirdness & Mutations

You are immune to sickness and miasma.
Your stone body is resilient. (AC +6)
You are immune to poison.
You resist negative energy. (rN+)
You are resistant to electric shocks. (rElec)
You are resistant to unholy torment.
You are immune to petrification.


Message History

The water moccasin closely misses you.
The wyvern bites you but does no damage.
The water moccasin bites you but does no damage.
Your Shields skill increases to level 7!
The ogre mage shouts!
You slash the water moccasin!
The water moccasin is poisoned.
The water moccasin is heavily wounded.
You slash the wyvern!
The wyvern looks as sick as possible!
The wyvern bites you but does no damage.
You block the water moccasin's attack.
The wyvern bites you but does no damage.
The ogre mage casts a spell.
The ogre mage flickers and vanishes!
Deactivating autopickup; reactivate with Ctrl-A.
You block the water moccasin's attack.
You barely miss the water moccasin.
The water moccasin is heavily wounded.
You closely miss the wyvern. The wyvern bites you.
The water moccasin bites you but does no damage.
The wyvern bites you.
You slash the water moccasin!
The water moccasin is severely wounded.
You barely miss the wyvern.
You kill the wyvern!
Okawaru accepts your kill. You block the water moccasin's attack.
The water moccasin bites you but does no damage.
You slash the water moccasin!
You kill the water moccasin!
Okawaru accepts your kill.
You hear some strange, mumbled words.
A bolt of magma appears from out of thin air!
The bolt of magma hits you!!
Ouch! That really hurt!
You suddenly lose the ability to move!
You hear some strange, mumbled words.
A bolt of magma appears from out of thin air!
The bolt of magma hits you!!
Ouch! That really hurt!
You die...

#...............
.#########.##############
............ ........#
...........##########'###
...........#.............
.........{.#.............
#.....)....#.............
#..........#.............
'.....†.@..'...........(.
#..........#..)..........
#..........#.............
############.............
####+####.....
#.#####'### #.......#
#######.# #.#


There were no monsters in sight!

Vanquished Creatures
  A manticore (D:8)
  Joseph (D:7)
  A wyvern (D:8)
  Menkaure (D:7)
  A water moccasin (D:8)
  A black bear (D:7)
  2 orc warriors
  2 sky beasts (D:6)
  An ogre (D:7)
  A centaur (D:8)
  A phantom (D:4)
  A kobold brigand (D:6)
  A bullfrog (D:7)
  A gnoll sergeant (D:5)
  3 scorpions
  A water moccasin zombie (D:7)
  A centaur zombie (D:8)
  A gnoll shaman (D:5)
  4 hounds
  3 orc priests
  6 jellies
  A centaur skeleton (D:7)
  An iguana (D:6)
  5 orc wizards
  13 gnolls
  A howler monkey skeleton (D:5)
  9 adders
  A white imp (D:6)
  3 ufetubi
  2 worms
  3 dart slugs
  6 orcs
  8 ball pythons
  9 endoplasms
  A giant cockroach (D:2)
  6 goblins
  6 hobgoblins
  16 jackals
  A quokka (D:3)
  9 bats
  3 frilled lizards
  8 kobolds
  7 rats
154 creatures vanquished.

Vanquished Creatures (others)
  15 plants (D:8)
15 creatures vanquished.

Grand Total: 169 creatures vanquished

Notes
Turn   | Place    | Note
-------+----------+-------------------------------------------
     0 | D:1      | bande the Gargoyle Fighter began the quest for the Orb.
     0 | D:1      | Reached XP level 1. HP: 14/14 MP: 1/1
   238 | D:1      | Reached XP level 2. HP: 18/19 MP: 2/2
   632 | D:1      | Reached XP level 3. HP: 22/23 MP: 3/3
   882 | D:1      | Found a faded altar of an unknown god.
  1402 | D:2      | Reached XP level 4. HP: 27/28 MP: 4/4
  2185 | D:3      | Found a glowing golden altar of the Shining One.
  2317 | D:3      | Reached XP level 5. HP: 32/33 MP: 5/5
  2941 | D:4      | Reached XP level 6. HP: 33/38 MP: 6/6
  3447 | D:4      | Reached skill level 1 in Dodging
  3677 | D:4      | Found a staircase to the Ecumenical Temple.
  3854 | Temple   | Entered the Ecumenical Temple
  3868 | Temple   | Became a worshipper of Warmaster Okawaru
  4567 | D:5      | Entered Level 5 of the Dungeon
  4601 | D:5      | Reached XP level 7. HP: 30/43 MP: 7/7
  4917 | D:5      | Reached skill level 5 in Axes
  4947 | D:5      | Reached * piety under Okawaru
  4947 | D:5      | HP: 2/44 [orc priest/divine providence (9)]
  4948 | D:5      | Reached skill level 5 in Shields
  4948 | D:5      | Reached skill level 1 in Invocations
  5489 | D:5      | Reached XP level 8. HP: 15/48 MP: 9/9
  5979 | D:6      | Reached skill level 5 in Armour
  6380 | D:6      | Reached ** piety under Okawaru
  6429 | D:6      | Reached skill level 5 in Fighting
  6931 | D:6      | Found an opulent altar of Gozag.
  7124 | D:7      | Identified a scroll of acquirement
  7124 | D:7      | Acquired 1033 gold pieces
  7247 | D:7      | Noticed Menkaure
  7258 | D:7      | Killed Menkaure
  7259 | D:7      | Reached XP level 9. HP: 45/54 MP: 12/12
  7402 | D:7      | Found a hide-covered altar of Uskayaw.
  7559 | D:7      | Noticed Joseph
  7578 | D:7      | Killed Joseph
  8244 | D:8      | Noticed a manticore
  8245 | D:8      | Noticed a centaur warrior
  8246 | D:8      | Noticed an ogre mage
  8253 | D:8      | Killed a manticore
  8253 | D:8      | Reached *** piety under Okawaru
  8254 | D:8      | Reached skill level 5 in Invocations
  8257 | D:8      | HP: 1/54 [centaur warrior/arrow (12)]
  8686 | D:8      | Paralysed by something for 7 turns
  8688 | D:8      | Killed from afar by an ogre mage

Illustrated notes

Levels and vault maps discovered:
D:1:      dpeg_arrival_lava_temple_mockup, layout_loops_ring,
          dreamdust_ecumenical_altar_angels_and_demons
D:2:      minmay_inner_zag, layout_loops_ring
D:3:      layout_basic, tso_metal_star
D:4:      layout_basic, minmay_temple_entry_junction
D:5:      layout_loops_ring
D:6:      layout_rooms, lemuel_round_altar
D:7:      layout_rooms, mainiacjoe_overflow_concentric_impassable, uniq_joseph,
          uniq_menkaure
D:8:      nzn_winding_woodlands_three_and_one
          [nzn_winding_woodlands_5x15_pockets,
          nzn_winding_woodlands_5x15_jagged,
          nzn_winding_woodlands_5x15_lazy_stream,
          nzn_winding_woodlands_center_garden], layout_basic
Temple:   eino_temple_scatter_basement

Skill      XL: |  1  2  3  4  5  6  7  8  9 |
---------------+----------------------------+-----
Axes           | 2 3 4 5 6 7 |  7.9
Shields        | 4 5 7 |  7.2
Armour         | 4 5 6 |  6.8
Fighting       | 4 5 |  5.6
Dodging        | 1 |  1.3
Invocations    | 1 4 5 |  5.5

Action                   |  1- 3 |  4- 6 |  7- 9 || total
-------------------------+-------+-------+-------++-------
Melee: War axe           |    86 |   182 |   226 ||   494
  Use: Scroll            |       |    12 |     9 ||    21
       Potion            |       |       |     5 ||     5
Armor: Scale mail        |    66 |    79 |       ||   145
       Chain mail        |       |    47 |    16 ||    63
       Plate armour      |       |       |   177 ||   177
Dodge: Dodged            |    32 |    76 |    56 ||   164
Block: Kite shield       |    46 |   115 |   151 ||   312

Table legend: (Time is in decaauts)
 A = Elapsed time spent in this place.
 B = Non-inter-level travel time spent in this place.
 C = Inter-level travel time spent in this place.
 D = Time resting spent in this place.
 E = Time spent auto-exploring this place.
 F = Levels seen in this place.
 G = Mean time per level.
                   A        B        C        D        E       F      G
               +--------+--------+--------+--------+--------+-----+--------+
         Total |   8946 |   8866 |     80 |   2486 |   4684 |   9 |  994.0 |
       Dungeon |   8918 |   8838 |     80 |   2486 |   4678 |   8 | 1114.8 |
        Temple |     27 |     27 |      0 |      0 |      6 |   1 |   27.0 |
               +--------+--------+--------+--------+--------+-----+--------+

Top non-repeatable levels by time:
     D:5: 1447 daAuts
     D:7: 1411 daAuts
     D:4: 1347 daAuts
     D:3: 1259 daAuts
     D:1: 1133 daAuts
     D:2: 1042 daAuts
     D:6: 936 daAuts
     D:8: 341 daAuts
  Temple: 27 daAuts
